 Dungeon Crawl Stone Soup version 0.22.0-49-gab54619 (webtiles) character file.

366 Fang the Chopper (level 6, 0/58 HPs)
             Began as a Gargoyle Berserker on Sept 6, 2018.
             Was a Believer of Trog.
             Slain by an ogre
             ... wielding a +0 giant club
              (16 damage)
             ... on level 5 of the Dungeon.
             The game lasted 00:03:21 (4398 turns).

Fang the Chopper (Gargoyle Berserker)               Turns: 4398, Time: 00:03:22

Health: 0/58       AC:  6    Str: 27    XL:     6   Next: 68%
Magic:  6/6        EV: 15    Int:  8    God:    Trog [**....]
Gold:   211        SH:  3    Dex:  9    Spells: 5/5 levels left

rFire    . . .     SeeInvis .   a - +0 hand axe
rCold    . . .     Gourm    .   (no shield)
rNeg     + . .     Faith    .   b - +0 animal skin
rPois    ∞         Spirit   .   (no helmet)
rElec    +         Reflect  +   (no cloak)
rCorr    .         Harm     .   (no gloves)
MR       .....                  (no boots)
Stlth    ..........             n - +3 amulet of reflection
HPRegen  0.19/turn              t - +3 ring of evasion
MPRegen  0.10/turn              (no ring)

@: berserking, very quick
A: negative energy resistance 1, electricity resistance, unbreathing,
petrification resistance, rot immunity, AC +4
a: Berserk, Trog's Hand, Renounce Religion


You were on level 5 of the Dungeon.
You worshipped Trog.
Trog was pleased with you.
You were not hungry.

You visited 1 branch of the dungeon, and saw 5 of its levels.

You collected 211 gold pieces.

Inventory:

Hand Weapons
 a - a +0 hand axe (weapon)
Armour
 b - a +0 animal skin (worn)
Jewellery
 n - a +3 amulet of reflection (around neck)
 t - a +3 ring of evasion (left hand)
 x - the ring of Shadows {Umbra +Inv Stlth+}
   (You found it on level 4 of the Dungeon)

   [ring of stealth]

   It lets you turn invisible.
   It makes you more stealthy.
Wands
 j - a wand of flame (32)
 r - a wand of random effects (28)
Scrolls
 e - a scroll of enchant armour {unknown}
 f - a scroll of fog {unknown}
 g - 3 scrolls of identify {unknown}
 h - 2 scrolls of immolation {unknown}
 i - 2 scrolls of teleportation {unknown}
 k - a scroll of fear {unknown}
 l - a scroll of amnesia {unknown}
 o - a scroll of noise {unknown}
 u - 3 scrolls of enchant weapon {unknown}
 y - a scroll of remove curse {unknown}
Potions
 d - 3 potions of brilliance {unknown}
 m - 2 potions of heal wounds {unknown}
 p - 2 potions of degeneration {unknown}
 q - a potion of magic {unknown}
 s - a potion of invisibility {unknown}
 v - a potion of cancellation {unknown}
 w - a potion of resistance {unknown}
 z - a potion of curing {unknown}
Comestibles
 c - 7 rations


   Skills:
 + Level 4.7 Fighting
 + Level 5.1 Axes
 + Level 2.3 Armour
 + Level 2.9 Dodging
 + Level 0.9 Stealth


You had 5 spell levels left.
You didn't know any spells.
Your spell library was empty.

Dungeon Overview and Level Annotations

Branches:
Dungeon (5/15)
 Temple: D:4-7

Altars:
Okawaru
Sif Muna
Uskayaw

Shops:
D:4 }%=   D:5 *


Innate Abilities, Weirdness & Mutations

You are resistant to torment.
Your stone body is resilient. (AC +4)
You are immune to poison.
You resist negative energy. (rN+)
You are resistant to electric shocks. (rElec)
You can survive without breathing.
You are immune to petrification.
You are immune to rotting.


Message History

The ogre is heavily wounded.
The ogre hits you with a giant club!
* * * LOW HITPOINT WARNING * * *
You are too injured to fight recklessly!
You are too injured to fight recklessly!
You are too injured to fight recklessly!
You are too injured to fight recklessly!
You are too injured to fight recklessly!
You are too injured to fight recklessly!
You are too injured to fight recklessly!
You are too injured to fight recklessly!
A red film seems to cover your vision as you go berserk!
You feel yourself moving faster!
You feel mighty!
You feel a lot more hungry.
You barely miss the ogre.
The ogre is heavily wounded.
The ogre misses you.
You slash the ogre!
The ogre is almost dead.
The ogre hits you with a giant club!
You die...

#.#..<.......##.#
###.###.#####...#.#
........# #.#.#.#
###.#####
#.#.#.###### )...#
##.#.#....... #####
#............
#..#.#######.
###..#.##
........@#
#####....O......
##...######. ##.##
#.# #.# #.. #.


You could see an ogre.

Vanquished Creatures
  An ogre (D:4)
  2 scorpions
  An orc priest (D:5)
  A worker ant (D:4)
  4 adders (D:2)
  An ooze (D:1)
  A worm (D:3)
  5 leopard geckos
  9 orcs
  A ball python (D:3)
  3 bats
  2 giant cockroaches (D:3)
  7 goblins
  7 hobgoblins
  3 jackals (D:2)
  5 frilled lizards
  10 kobolds
  10 rats
73 creatures vanquished.

Vanquished Creatures (others)
  A kobold (D:1)
1 creature vanquished.

Grand Total: 74 creatures vanquished

Notes
Turn   | Place    | Note
-------+----------+-------------------------------------------
     0 | D:1      | Fang the Gargoyle Berserker began the quest for the Orb.
     0 | D:1      | Reached XP level 1. HP: 14/14 MP: 1/1
     9 | D:1      | Noticed an ogre
    85 | D:1      | Reached XP level 2. HP: 16/19 MP: 2/2
   237 | D:1      | Reached skill level 3 in Axes
  1154 | D:2      | Reached XP level 3. HP: 16/24 MP: 3/3
  1393 | D:2      | Found a hide-covered altar of Uskayaw.
  1582 | D:2      | Reached XP level 4. HP: 17/29 MP: 4/4
  1992 | D:2      | Reached ** piety under Trog
  2422 | D:3      | Reached skill level 4 in Axes
  2936 | D:3      | Found a deep blue altar of Sif Muna.
  3193 | D:3      | Found an iron altar of Okawaru.
  3376 | D:4      | Found Ziexuf's Jewellery Shop.
  3464 | D:4      | Noticed an ogre
  3474 | D:4      | Killed an ogre
  3474 | D:4      | Reached XP level 5. HP: 34/34 MP: 5/5
  3641 | D:4      | Found the ring of Shadows {Umbra +Inv Stlth+}
  3787 | D:4      | Reached XP level 6. HP: 26/39 MP: 6/6
  3900 | D:4      | Found Sicec's Gadget Shoppe.
  4000 | D:4      | Found Detim's Food Shop.
  4229 | D:5      | Entered Level 5 of the Dungeon
  4253 | D:5      | Reached skill level 5 in Axes
  4262 | D:5      | Found Aclykhlegh's General Store.
  4398 | D:5      | Slain by an ogre

Skill      XL: |  1  2  3  4  5  6 |
---------------+-------------------+-----
Axes           | 3 4 5 |  5.1
Fighting       | 4 |  4.7
Dodging        | 2 |  2.9
Armour         | |  2.3
Stealth        | |  0.9

Action                   |  1- 3 |  4- 6 || total
-------------------------+-------+-------++-------
Melee: Hand axe          |    89 |   203 ||   292
Invok: Berserk           |     1 |     3 ||     4
  Eat: Chunk             |     2 |    10 ||    12
       Ration            |       |     1 ||     1
Armor: Animal skin       |    28 |    48 ||    76
Dodge: Dodged            |    49 |   129 ||   178
Block: Other             |       |     6 ||     6
